 Dungeon Crawl Stone Soup version 0.29-a0-121-g8efb068a30 (webtiles) character file.

Game seed: 6733145570183879268

1943 drugrobin the Placeless Demigod (level 8, -1/60 HPs)
             Began as a Demigod Warper on Feb 20, 2022.
             Slain by a wyvern (8 damage)
             ... on level 7 of the Dungeon.
             The game lasted 00:39:52 (12412 turns).

drugrobin the Placeless Demigod (Demigod Warper)   Turns: 12412, Time: 00:39:52

Health: -1/60      AC:  7    Str: 20    XL:     8   Next: 66%
Magic:  11/13      EV: 11    Int: 15    God:
Gold:   429        SH:  3    Dex: 13    Spells: 4/10 levels left

rFire   + . .      SeeInvis .   a - +0 trident
rCold   . . .      Faith    .   L - +0 buckler
rNeg    . . .      Spirit   .   m - +3 leather armour {rF+}
rPois   .          Reflect  .   G - +0 helmet
rElec   .          Harm     .   (no cloak)
rCorr   .          Rampage  .   (no gloves)
Will    .....                   (no boots)
Stlth   +.........              (no amulet)
HPRegen 0.20/turn               b - ring of wizardry
MPRegen 0.13/turn               (no ring)

@: on blink cooldown
A: high MP 1, forlorn, divine attributes
a: no special abilities


You were on level 7 of the Dungeon.
You visited 1 branch of the dungeon, and saw 7 of its levels.

You collected 429 gold pieces.

Inventory:

Hand Weapons
 a - a +0 trident (weapon)
 o - a +0 spear
Missiles
 d - 2 boomerangs of dispersal
 e - 115 stones
 r - 12 javelins (quivered)
 s - 6 poisoned darts
 u - 116 sling bullets
 H - 39 bolts
Armour
 m - a +3 leather armour of fire resistance (worn)
 G - a +0 helmet (worn)
 L - a +0 buckler (worn)
Magical Staves
 I - a staff of fire
Jewellery
 b - a ring of wizardry (left hand)
Wands
 p - a wand of polymorph (10)
 w - a wand of paralysis (5)
 A - a wand of flame (6)
 K - a wand of charming (6)
Scrolls
 c - 2 scrolls of blinking
 f - a scroll of immolation {unknown}
 h - a scroll of vulnerability {unknown}
 i - 6 scrolls of identify {unknown}
 k - 2 scrolls of enchant armour
 q - a scroll of amnesia {unknown}
 x - a scroll of summoning {unknown}
 y - 4 scrolls of teleportation {unknown}
 z - a scroll of silence {unknown}
 J - a scroll of torment {unknown}
Potions
 g - a potion of flight {unknown}
 j - a potion of curing
 l - 2 potions of magic {unknown}
 n - a potion of berserk rage {unknown}
 t - 2 potions of lignification {unknown}
 v - a potion of brilliance {unknown}
 B - 4 potions of mutation {unknown}
 C - a potion of attraction {unknown}
 E - a potion of cancellation {unknown}
 F - 2 potions of degeneration {unknown}


   Skills:
 - Level 1.7 Fighting
 + Level 7.7 Polearms
 - Level 0.8 Throwing
 - Level 0.8 Armour
 - Level 1.7 Dodging
 - Level 1.0 Stealth
 - Level 1.7 Spellcasting
 + Level 8.0 Translocations


You had 4 spell levels left.
You knew the following spells:

 Your Spells              Type           Power      Damage    Failure   Level
a - Blink                 Tloc           50%        N/A       1%          2
b - Teleport Other        Tloc           25%        N/A       1%          3
c - Shock                 Conj/Air       4%         1d3       16%         1

Your spell library contained the following spells:

 Spells                   Type           Power      Damage    Failure   Level
 Gell's Gravitas          Tloc           25%        N/A       1%          3
 Lesser Beckoning         Tloc           25%        N/A       1%          3
 Pain                     Necr           4%         1d4       16%         1
 Corpse Rot               Necr/Air       2%         N/A       22%         2
 Poisonous Vapours        Pois/Air       2%         N/A       22%         2
 Sublimation of Blood     Necr           1%         N/A       22%         2
 Wereblood                Tmut           1%         N/A       22%         2
 Swiftness                Air            1%         N/A       38%         3
 Airstrike                Air            0%         N/A       78%         4
 Manifold Assault         Tloc           25%        N/A       16%         5
 Agony                    Necr           1%         N/A       98%         5
 Excruciating Wounds      Necr           0%         N/A       98%         5
 Summon Hydra             Summ           0%         N/A       100%        7


Dungeon Overview and Level Annotations

Branches:
Dungeon (7/15)             Temple (0/1) D:4

Annotations:
D:1 Terence


Innate Abilities, Weirdness & Mutations

You have an increased reservoir of magic. (+10% MP)
You shall have no god before yourself.
Your divine heritage dramatically boosts your attributes as you level up.


Message History

Aiming: Throw Flame
Press: ? - help, Shift-Dir - straight line, f/p - wyvern
Aim: a wyvern (68% to hit)
The puff of flame hits the wyvern.
The wyvern is lightly wounded.
Unknown command.
Aiming: Throw Flame
Press: ? - help, Shift-Dir - straight line, f/p - wyvern
Aim: a wyvern (lightly wounded, 68% to hit)
The puff of flame hits the wyvern.
The wyvern is moderately wounded.
Unknown command.
Reach: a) +0 trident
Press: ? - help, Dir - move target, f/p - wyvern
Aim: a wyvern (lightly wounded, about 41% to evade your +0 trident)
You reach to attack!
You puncture the wyvern!
The wyvern is heavily wounded.
Unknown command.
You barely miss the wyvern.
The wyvern is heavily wounded.
You block the wyvern's attack. The wyvern bites you.
You barely miss the wyvern.
The wyvern is heavily wounded.
The wyvern bites you!
You closely miss the wyvern.
The wyvern is heavily wounded.
You block the wyvern's attack. The wyvern bites you!
You barely miss the wyvern.
The wyvern is heavily wounded.
The wyvern bites you!
You puncture the wyvern!
The wyvern is severely wounded.
The wyvern bites you. The wyvern bites you!
* * * LOW HITPOINT WARNING * * *
Unknown command.
Unknown command.
Casting: Teleport Other (safe; 1% risk of failure)
Confirm with . or Enter, or press ? or * to list all spells.
You blink.
The wyvern bites you!
You die...

#....................###.####...#
#............_.......#...#......#
#....................#...#......#
#............#.......#...#......#
#.[..................#...#......#
#....................#...#......#
#....................#'######...#
############'#########...####...#
#...............@l§..#...........
#....................'...........
#....................#...........
##......##....##....##..........#
##......##....##....##...####...#
##..<...##..........##...########
#....................#..........#
'....................#..........#
#....................#..........#


You could see a wyvern.

Vanquished Creatures
  Menkaure (D:4)
  An ice beast (D:5)
  A necrophage (D:6)
  A sky beast (D:7)
  An ogre (D:5)
  3 phantoms
  A gnoll sergeant (D:4)
  A bullfrog (D:7)
  2 wyvern zombies (D:7)
  2 scorpions
  A wyvern skeleton (D:6)
  2 water moccasin skeletons
  3 bullfrog zombies (D:5)
  3 hounds
  A gnoll shaman (D:6)
  Jessica (D:2)
  An iguana (D:6)
  7 orc wizards
  A howler monkey zombie (D:6)
  8 gnolls
  10 adders
  2 shadow imps
  A white imp (D:7)
  An ufetubus (D:6)
  A worm (D:3)
  3 dart slugs
  17 orcs
  An endoplasm (D:3)
  A giant cockroach (D:1)
  9 goblins
  10 hobgoblins
  3 jackals (D:1)
  7 quokkas
  7 ball pythons
  A bat (D:3)
  3 frilled lizards
  4 kobolds
  3 rats
126 creatures vanquished.

Vanquished Creatures (others)
  5 plants (D:5)
5 creatures vanquished.

Grand Total: 131 creatures vanquished

Notes
Turn   | Place    | Note
-------+----------+-------------------------------------------
     0 | D:1      | drugrobin the Demigod Warper began the quest for the Orb.
     0 | D:1      | Reached XP level 1. HP: 17/17 MP: 5/5
   632 | D:1      | Reached XP level 2. HP: 24/24 MP: 7/7
   684 | D:1      | Reached skill level 1 in Stealth
   685 | D:1      | Reached skill level 3 in Translocations
  1673 | D:1      | Reached XP level 3. HP: 28/29 MP: 8/8
  1686 | D:1      | Learned a level 2 spell: Blink
  1690 | D:1      | Learned a level 3 spell: Teleport Other
  1845 | D:2      | Noticed Jessica
  2359 | D:2      | Noticed Terence
  3506 | D:3      | Reached XP level 4. HP: 27/36 MP: 9/9
  3701 | D:3      | Learned a level 1 spell: Shock
  3875 | D:3      | Reached skill level 4 in Translocations
  4748 | D:2      | Reached XP level 5. HP: 11/41 MP: 10/10
  4980 | D:2      | Killed Jessica
  5234 | D:4      | Noticed Menkaure
  5241 | D:4      | Killed Menkaure
  5242 | D:4      | Reached XP level 6. HP: 32/48 MP: 11/11
  5364 | D:4      | Reached skill level 5 in Translocations
  5680 | D:4      | Found a staircase to the Ecumenical Temple.
  6194 | D:4      | Reached skill level 5 in Polearms
  6730 | D:5      | Entered Level 5 of the Dungeon
  7053 | D:5      | Reached XP level 7. HP: 48/53 MP: 12/12
  8257 | D:5      | Reached skill level 6 in Translocations
  9511 | D:6      | Reached XP level 8. HP: 51/60 MP: 13/13
  9661 | D:6      | Reached skill level 7 in Translocations
 12287 | D:7      | Reached skill level 8 in Translocations
 12412 | D:7      | Slain by a wyvern

Illustrated notes

Levels and vault maps discovered:
D:1:      minmay_arrival_doors, layout_loops_ring
D:2:      layout_rooms, uniq_terence, uniq_jessica
D:3:      layout_basic, brannock_xom_greatest_gift,
          mainiacjoe_overflow_big_doors, basic_ecumenical_altar
D:4:      layout_basic, minmay_temple_entry_gardened_gates, uniq_menkaure
D:5:      layout_basic, serial_bayou, serial_bayou_pond_d, serial_bayou_pond_a,
          serial_bayou_pond_b, serial_bayou_crossing,
          corexii_item_surrounded_by_moat
D:6:      kennysheep_steamy, layout_basic, minmay_misc_feat_room,
          grunt_ministairs_10, lemuel_flame_loot_1
D:7:      layout_gridville, mainiacjoe_overflow_tiny_flanked, serial_park_tiny_2

Skill      XL: |  1  2  3  4  5  6  7  8 |
---------------+-------------------------+-----
Polearms       | 2 3 4 5 6 7 |  7.7
Stealth        | 1 |  1.0
Translocations | 3 4 5 6 8 |  8.0
Fighting       | |  1.7
Throwing       | |  0.8
Armour         | |  0.8
Dodging        | |  1.7
Spellcasting   | |  1.7

Action                   |  1- 3 |  4- 6 |  7- 9 || total
-------------------------+-------+-------+-------++-------
Melee: Spear             |   170 |     3 |       ||   173
       Trident           |    10 |   202 |   252 ||   464
       Punch             |       |     2 |     2 ||     4
Throw: Stone             |    29 |     4 |       ||    33
       Boomerang         |     2 |       |     9 ||    11
       Javelin           |     8 |    10 |    25 ||    43
       Dart              |       |     1 |    13 ||    14
 Cast: Blink             |     9 |     4 |    42 ||    55
       Teleport Other    |     4 |     3 |     1 ||     8
       Shock             |       |    28 |    16 ||    44
Evoke: Wand              |       |     2 |    12 ||    14
  Use: Scroll            |     1 |       |       ||     1
       Potion            |       |     1 |       ||     1
 Stab: Sleeping          |     1 |     1 |       ||     2
       Paralysed         |       |     5 |     1 ||     6
Armor: Leather armour    |    35 |    66 |    51 ||   152
Dodge: Dodged            |    93 |    86 |   111 ||   290
Block: Buckler           |       |       |     3 ||     3

Table legend: (Time is in decaauts)
 A = Elapsed time spent in this place.
 B = Non-inter-level travel time spent in this place.
 C = Inter-level travel time spent in this place.
 D = Time resting spent in this place.
 E = Time spent auto-exploring this place.
 F = Levels seen in this place.
 G = Mean time per level.
                   A        B        C        D        E       F      G
               +--------+--------+--------+--------+--------+-----+--------+
         Total |  12465 |  11673 |    792 |   3763 |   4947 |   7 | 1780.7 |
       Dungeon |  12465 |  11673 |    792 |   3763 |   4947 |   7 | 1780.7 |
               +--------+--------+--------+--------+--------+-----+--------+

Top non-repeatable levels by time:
     D:1: 2697 daAuts
     D:4: 2395 daAuts
     D:5: 1833 daAuts
     D:3: 1643 daAuts
     D:6: 1480 daAuts
     D:7: 1300 daAuts
     D:2: 1113 daAuts
